 Dungeon Sprint DCSS version 0.27-a0-972-gd1521fd518 (webtiles) character file.

Game seed: 1349821483653148728

86 mhtbhm the Geomancer (level 4, -2/24 HPs)
             Began as a Gargoyle Earth Elementalist on Apr 13, 2021.
             Slain by an ogre
             ... wielding a +0 giant club
              (16 damage)
             ... in the Dungeon (Sprint IX: "|||||||||||||||||||||||||||||").
             The game lasted 00:00:54 (190 turns).

mhtbhm the Geomancer (Gargoyle Earth Elementalist)   Turns: 190, Time: 00:00:54

Health: -2/24      AC:  5    Str: 12    XL:     4   Next: 49%
Magic:  7/10       EV: 12    Int: 16    God:
Gold:   0          SH:  0    Dex: 10    Spells: 10/11 levels left

rFire    . . .     SeeInvis .   a - +0 club
rCold    . . .     Faith    .   (no shield)
rNeg     + . .     Spirit   .   c - +0 robe
rPois    ∞         Reflect  .   (no helmet)
rElec    +         Harm     .   (no cloak)
rCorr    .         Rampage  .   (no gloves)
Will     .....     NoTele   +   (no boots)
Stlth    ++........             (no amulet)
HPRegen  0.08/turn              (no ring)
MPRegen  0.12/turn              (no ring)

@: no status effects
A: AC +3, negative energy resistance 1, electricity resistance, torment
resistance 1, unbreathing 1, petrification resistance
a: no special abilities


You were in the Dungeon.
You visited 1 branch

Inventory:

Hand Weapons
 a - a +0 club (weapon)
Missiles
 b - 18 stones
Armour
 c - a +0 robe (worn)
Scrolls
 i - a scroll of blinking
Potions
 d - a potion of curing
 e - a potion of heal wounds
 f - a potion of haste
 g - a potion of magic
 h - a potion of berserk rage


   Skills:
 + Level 0.7 Fighting
 + Level 2.4 Dodging
 - Level 2.1 Stealth
 - Level 0.1 Unarmed Combat
 + Level 4.3 Spellcasting
 + Level 1.0 Transmutations
 + Level 8.8 Earth Magic


You had 10 spell levels left.
You knew the following spells:

 Your Spells              Type           Power      Damage    Failure   Level
a - Sandblast             Erth           62%        2d14      1%          1

Your spell library contained the following spells:

 Spells                   Type           Power      Damage    Failure   Level
 Passwall                 Tmut/Erth      15%        N/A       3%          2
 Stone Arrow              Conj/Erth      34%        3d9       8%          3
 Lee's Rapid Deconstruct  Erth           15%        3d11*     12%         5
 Petrify                  Tmut/Erth      19%        N/A       22%         4


Dungeon Overview and Level Annotations

Branches:
Dungeon (1/1)

Altars:


Innate Abilities, Weirdness & Mutations

Your stone body is resilient. (AC +3)
You are immune to poison.
You resist negative energy. (rN+)
You are resistant to electric shocks. (rElec)
You are resistant to unholy torment.
You can survive without breathing.
You are immune to petrification.


Message History

Your Transmutations skill increases to level 1!
Your Earth Magic skill gained 3 levels and is now at level 8!
You have reached level 3!
Your experience leads to an increase in your attributes!
Increase (S)trength, (I)ntelligence, or (D)exterity?
You feel clever.
You have reached level 4!
You feel stronger.
Unknown command.
Magic courses through your body.
The ball python zombie bites you but does no damage.
The ball python zombie grabs you. The ball python zombie constricts you.
Unknown command.
Casting: Sandblast (safe; 1% risk of failure)
Confirm with . or Enter, or press ? or * to list all spells.
Aiming: Sandblast (safe; 1% risk of failure)
Press: ? - help, Shift-Dir - straight line, f - ball python zombie
Aim: a ball python zombie (constricting you, 9% to evade)
The blast of sand hits the ball python zombie!
You destroy the ball python zombie!
Unknown command.
Casting: Sandblast (safe; 1% risk of failure)
Confirm with . or Enter, or press ? or * to list all spells.
Aiming: Sandblast (safe; 1% risk of failure)
Press: ? - help, Shift-Dir - straight line, f - ogre
Aim: an ogre, wielding a +0 giant club (9% to evade)
The blast of sand misses the ogre.
The blast of sand hits the phantom!!
The phantom is severely damaged.
The ogre barely misses you.
Unknown command.
Casting: Sandblast (safe; 1% risk of failure)
Confirm with . or Enter, or press ? or * to list all spells.
Aiming: Sandblast (safe; 1% risk of failure)
Press: ? - help, Shift-Dir - straight line, f/p - ogre
Aim: an ogre, wielding a +0 giant club (9% to evade)
The blast of sand hits the ogre!!
The ogre is almost dead.
The ogre hits you with a +0 giant club!
Ouch! That really hurt!
You die... ▓▓▓▓▓▓▓▓▓▓▓▓▓▓▓▓▓▓ +....WO@...††...<▓ ▓▓▓▓▓▓▓▓▓▓▓▓▓▓▓▓▓▓

You could see a phantom and an ogre.

Vanquished Creatures
  A phantom (D)
  A dart slug (D)
  An orc (D)
  An endoplasm (D)
  A goblin (D)
  A ball python (D)
  A ball python zombie (D)
  A frilled lizard (D)
8 creatures vanquished.

Notes
Turn   | Place    | Note
-------+----------+-------------------------------------------
     0 | D        | mhtbhm the Gargoyle Earth Elementalist began the quest for
                  | the Orb.
     0 | D        | Reached XP level 1. HP: 10/10 MP: 3/3
     6 | D        | Reached skill level 4 in Earth Magic
    11 | D        | Reached skill level 5 in Earth Magic
    22 | D        | Reached XP level 2. HP: 14/15 MP: 0/5
   181 | D        | Noticed a phantom
   181 | D        | Noticed an ogre
   181 | D        | Noticed a phantom
   186 | D        | Killed a phantom
   187 | D        | Reached skill level 1 in Transmutations
   187 | D        | Reached skill level 8 in Earth Magic
   187 | D        | Reached XP level 3. HP: 11/20 MP: 0/8
   187 | D        | Reached XP level 4. HP: 13/24 MP: 0/10
   190 | D        | Slain by an ogre

Illustrated notes

Levels and vault maps discovered:
D:        linesprint [early_d, line_temple, items_1, d_10, items_2, lair_1,
          lair_end, items_3, orc_1, orc_end, items_4, d_15, swamp_1, shoals_1,
          snake_1, spider_1, d_20, vaults_1, items_5, swamp_end, shoals_end,
          snake_end, spider_end, vaults_end, d_27, items_6, zot_1, zot_end,
          crypt_end, forest_end, elf_end, slime_end, tomb_end, abyss_end,
          pan_hell_end]

Skill      XL: |  1  2 |
---------------+-------+-----
Earth Magic    | 5 8 |  8.8
Dodging        | 2 |  2.4
Spellcasting   | 4 |  4.3
Transmutations | 1 |  1.0
Fighting       | |  0.7
Stealth        | |  2.1
Unarmed Combat | |  0.1

Action                   |  1- 3 |  4- 6 || total
-------------------------+-------+-------++-------
Melee: Unarmed           |    14 |       ||    14
 Cast: Sandblast         |     9 |     3 ||    12
  Use: Potion            |       |     1 ||     1
Armor: Robe              |     4 |     1 ||     5
Dodge: Dodged            |     5 |     1 ||     6

Table legend: (Time is in decaauts)
 A = Elapsed time spent in this place.
 B = Non-inter-level travel time spent in this place.
 C = Inter-level travel time spent in this place.
 D = Time resting spent in this place.
 E = Time spent auto-exploring this place.
 F = Levels seen in this place.
 G = Mean time per level.
                   A        B        C        D        E       F      G
               +--------+--------+--------+--------+--------+-----+--------+
         Total |    189 |    189 |      0 |    151 |      3 |   1 |  189.0 |
       Dungeon |    189 |    189 |      0 |    151 |      3 |   1 |  189.0 |
               +--------+--------+--------+--------+--------+-----+--------+

Top non-repeatable levels by time:
       D: 189 daAuts
